 Dungeon Crawl Stone Soup version 0.28.0-49-g6dfe1f597d (webtiles) character file.

Game seed: 11003771122560814583

146 Exodus22XD the Poker (level 5, -4/39 HPs)
             Began as a Demonspawn Gladiator on May 15, 2022.
             Killed by divine providence
             ... invoked by an orc priest
              (13 damage)
             ... on level 3 of the Dungeon.
             The game lasted 00:01:27 (1827 turns).

Exodus22XD the Poker (Demonspawn Gladiator)         Turns: 1827, Time: 00:01:28

Health: -4/39      AC:  5    Str: 18    XL:     5   Next: 7%
Magic:  14/14      EV: 13    Int:  9    God:
Gold:   113        SH:  0    Dex: 17    Spells: 4/4 levels left

rFire   . . .      SeeInvis .   a - +0 trident
rCold   . . .      Faith    .   (no shield)
rNeg    . . .      Spirit   .   h - +1 leather armour of Kemnin {MP+9 Str+2 Stlth+}
rPois   .          Reflect  .   c - +0 helmet
rElec   .          Harm     .   (no cloak)
rCorr   .          Rampage  .   (no gloves)
Will    .....                   (no boots)
Stlth   ++++......              (no amulet)
HPRegen 0.13/turn               (no ring)
MPRegen 0.14/turn               (no ring)

@: no status effects
A: claws 1, thin skeletal structure 1, powered by death 1
a: no special abilities


You were on level 3 of the Dungeon.
You visited 1 branch of the dungeon, and saw 3 of its levels.

You collected 113 gold pieces.

Inventory:

Hand Weapons
 a - a +0 trident (weapon)
Missiles
 d - 3 throwing nets (quivered)
Armour
 c - a +0 helmet (worn)
 h - the +1 leather armour of Kemnin (worn) {MP+9 Str+2 Stlth+}
   (You found it on level 2 of the Dungeon)

   Str:       It affects your strength (+2).
   MP:        It affects your magic capacity (+9).
   Stlth:     It makes you more stealthy.
Scrolls
 b - a scroll of noise {unknown}
 e - a scroll of blinking {unknown}
 f - a scroll of magic mapping {unknown}
Potions
 g - 2 potions of flight {unknown}
 i - a potion of might {unknown}


   Skills:
 + Level 2.6 Fighting
 + Level 3.8 Polearms
 + Level 1.9 Throwing
 + Level 1.3 Armour
 + Level 3.1 Dodging
 + Level 2.0 Stealth


You had 4 spell levels left.
You didn't know any spells.
Your spell library contained the following spells:

 Spells                   Type           Power      Damage    Failure   Level
 Sting                    Tmut/Pois      0%         1d3       43%         1
 Tukima's Dance           Hex            0%         N/A       82%         3
 Anguish                  Hex/Necr       0%         N/A       99%         4
 Enfeeble                 Hex            0%         N/A       100%        7


Dungeon Overview and Level Annotations

Branches:
Dungeon (3/15)

Altars:


Innate Abilities, Weirdness & Mutations

You have sharp fingernails.
You have a somewhat thin skeletal structure. (Dex +2, Stealth+)
You regenerate a little health from kills.


Message History

The orc completely misses you.
You hit the orc.
The orc is heavily wounded.
The orc completely misses you.
You hit the orc.
You kill the orc!
You puncture the orc priest!
The orc priest is heavily wounded.
The orc priest hits you with a +0 club.
You closely miss the orc priest.
The orc priest is heavily wounded.
The orc priest closely misses you.
You hit the orc priest.
The orc priest is almost dead.
The orc priest hits you with a +0 club.
You hit the orc priest.
You kill the orc priest!
Your Stealth skill increases to level 2!
You have reached level 5!
You closely miss the orc priest.
The orc priest hits you with a +0 dagger.
* * * LOW HITPOINT WARNING * * *
You barely miss the orc priest. You claw the orc priest.
The orc priest is moderately wounded.
The orc priest barely misses you.
You closely miss the orc priest. Your claw misses the orc priest.
The orc priest is moderately wounded.
The orc priest barely misses you.
You hit the orc priest.
The orc priest is heavily wounded.
The orc priest barely misses you.
You barely miss the orc priest.
The orc priest is heavily wounded.
The orc priest hits you with a +0 dagger.
* * * LOW HITPOINT WARNING * * *
You hit the orc priest.
The orc priest is severely wounded.
The orc priest calls down the wrath of Beogh upon you.
Beogh smites you!
You die...

#.# #.# #.#
#.# # ..##
.### ...### ##
.... (....#
#.## #..#
...#.# #.###oo
#.##.###
#.@#)#
#......# #.#o#
####.#.# #.###
#.#.# #.#
#.#.########.#
#.#..........#
#.#..#########
..#..# ###..#


You could see an orc priest.

Vanquished Creatures
  2 orc priests (D:3)
  Terence (D:2)
  3 adders (D:2)
  An orc (D:3)
  5 bats
  2 endoplasms
  A giant cockroach (D:1)
  4 goblins
  3 hobgoblins
  2 quokkas (D:1)
  6 frilled lizards
  5 kobolds
  3 rats (D:1)
38 creatures vanquished.

Notes
Turn   | Place    | Note
-------+----------+-------------------------------------------
     0 | D:1      | Exodus22XD the Demonspawn Gladiator began the quest for the
                  | Orb.
     0 | D:1      | Reached XP level 1. HP: 16/16 MP: 1/1
   233 | D:1      | Gained mutation: You have a somewhat thin skeletal
                  | structure. (Dex +2, Stealth+) [demonic ancestry]
   233 | D:1      | Reached XP level 2. HP: 22/22 MP: 2/2
   282 | D:1      | Found a faded altar of an unknown god.
   335 | D:1      | Got Plato's Collected Works on Transmutation
   748 | D:2      | Gained mutation: You regenerate a little health from kills.
                  | [demonic ancestry]
   748 | D:2      | Reached XP level 3. HP: 9/28 MP: 3/3
  1100 | D:2      | Identified the +1 leather armour of Kemnin {MP+9 Str+2
                  | Stlth+}
  1193 | D:2      | Noticed Terence
  1209 | D:2      | Killed Terence
  1210 | D:2      | Reached skill level 1 in Stealth
  1210 | D:2      | Gained mutation: You have sharp fingernails. [demonic
                  | ancestry]
  1210 | D:2      | Reached XP level 4. HP: 22/34 MP: 4/4
  1804 | D:3      | Reached skill level 1 in Armour
  1822 | D:3      | Reached XP level 5. HP: 13/39 MP: 5/5
  1827 | D:3      | Killed from afar by an orc priest

Illustrated notes

Levels and vault maps discovered:
D:1:      minmay_arrival_cross, layout_rooms,
          shapermc_ecumenical_altar_rom_forum, minmay_quantized
D:2:      layout_loops_cross, minmay_tromino_v4_c, uniq_terence
D:3:      wander_river, layout_loops_ring, lemuel_crystal_altar,
          gammafunk_temple_overflow_pools, uniq_jessica

Skill      XL: |  1  2  3  4 |
---------------+-------------+-----
Polearms       | 3 |  3.8
Dodging        | 3 |  3.1
Stealth        | 1 2 |  2.0
Armour         | 1 |  1.3
Fighting       | |  2.6
Throwing       | |  1.9

Action                   |  1- 3 |  4- 6 || total
-------------------------+-------+-------++-------
Melee: Trident           |    83 |    52 ||   135
       Punch             |     1 |     2 ||     3
 Stab: Sleeping          |     7 |     4 ||    11
       Distracted        |       |     1 ||     1
Armor: Leather armour    |    20 |     7 ||    27
Dodge: Dodged            |    46 |    29 ||    75
